 Dungeon Crawl Stone Soup version 0.27-a0-836-gfc908b8576 (webtiles) character file.

Game seed: 17833776019223636023

1641 Charly the Covert (level 8, -1/39 HPs)
             Began as a Vine Stalker Abyssal Knight on Mar 31, 2021.
             Was a Priest of Lugonu.
             Succumbed to a water moccasin's poison
             ... on level 7 of the Dungeon.
             The game lasted 00:22:17 (5592 turns).

Charly the Covert (Vine Stalker Abyssal Knight)     Turns: 5592, Time: 00:22:17

Health: -1/39      AC:  4    Str: 18    XL:     8   Next: 99%
Magic:  1/13       EV: 11    Int: 12    God:    Lugonu [***...]
Gold:   95         SH:  5    Dex: 13    Spells: 7/7 levels left

rFire    . . .     SeeInvis .   a - +1 dagger (venom)
rCold    . . .     Faith    .   (no shield)
rNeg     + . .     Spirit   +   e - +0 leather armour {Will+}
rPois    .         Reflect  +   (no helmet)
rElec    .         Harm     .   v - +0 cloak
rCorr    .         Rampage  .   (no gloves)
Will     ++...                  (no boots)
Stlth    ++++......             f - amulet of reflection
HPRegen  1.13/turn              j - +4 ring of slaying
MPRegen  0.13/turn              n - ring of positive energy

@: lethally poisoned (-1 -> -10), hasted, very quick
A: fangs 3, regeneration 1, magic shield, antimagic bite, no potion heal 3
a: Renounce Religion, Depart the Abyss, Bend Space, Banish


You were on level 7 of the Dungeon.
You worshipped Lugonu.
Lugonu was most pleased with you.
You visited 1 branch of the dungeon, and saw 7 of its levels.
You visited the Abyss 1 time.

You collected 117 gold pieces.
You spent 22 gold pieces at shops.

Inventory:

Hand Weapons
 a - a +1 dagger of venom (weapon)
 b - a +2 dagger of draining
Missiles
 p - 32 poisoned darts (quivered)
Armour
 e - a +0 leather armour of willpower (worn)
 v - a +0 cloak (worn)
Jewellery
 f - an amulet of reflection (around neck)
 j - a +4 ring of slaying (left hand)
 n - a ring of positive energy (right hand)
 u - a ring of flight
Wands
 h - a wand of random effects (27)
Scrolls
 c - a scroll of immolation {unknown}
 d - a scroll of amnesia {unknown}
 g - 3 scrolls of teleportation
 m - a scroll of enchant armour {unknown}
 q - a scroll of magic mapping
Potions
 i - a potion of mutation {unknown}
 k - a potion of cancellation {unknown}
 l - a potion of resistance {unknown}
 o - 2 potions of lignification
 r - a potion of berserk rage {unknown}
 s - a potion of attraction {unknown}


   Skills:
 - Level 2.6 Fighting
 + Level 6.3 Short Blades
 - Level 1.5 Armour
 - Level 0.7 Dodging
 + Level 8.6 Stealth
 + Level 5.9 Invocations


You had 7 spell levels left.
You didn't know any spells.
Your spell library contained the following spells:

 Spells                   Type           Power      Damage    Failure   Level
 Magic Dart               Conj           0%         1d3       36%         1
 Blink                    Tloc           N/A        N/A       52%         2
 Call Imp                 Summ           0%         N/A       52%         2
 Slow                     Hex            0%         N/A       52%         2
 Confusing Touch          Hex            0%         N/A       75%         3
 Conjure Flame            Conj/Fire      0%         6-21      75%         3
 Gell's Gravitas          Tloc           0%         N/A       75%         3
 Mephitic Cloud           Conj/Pois/Air  0%         N/A       75%         3
 Petrify                  Tmut/Erth      0%         N/A       98%         4
 Metabolic Englaciation   Hex/Ice        0%         N/A       100%        5
 Yara's Violent Unravell  Hex/Tmut       0%         3d3       100%        5


Dungeon Overview and Level Annotations

Branches:
Dungeon (7/15)             Temple (0/1) D:4

Altars:
Dithmenos
Okawaru
Trog

Shops:
D:1 (   D:2 *

Annotations:
D:2 Sigmund
D:3 3 runed translucent doors, Yermak's ghost, amateur DjEE
D:5 Duvessa
D:7 2 transporters, casual's ghost, novice OpDe


Innate Abilities, Weirdness & Mutations

You have razor-sharp teeth.
Your natural rate of healing is unusually fast.
When hurt, damage is shared between your health and your magic reserves.
Your bite disrupts and absorbs the magic of your enemies.
Potions cannot restore your health.


Message History

p - 32 poisoned darts (gained 1)
A bullfrog comes into view.
Found 13 stones.
A water moccasin comes into view.
Found 2 fuming orange potions.
The water moccasin hisses angrily.
The water moccasin bites you!
You are poisoned.
The water moccasin poisons you!
You closely miss the water moccasin. You bite the water moccasin!
You drain its power.
You feel invigorated.
The water moccasin is moderately wounded.
You feel sick. The water moccasin bites you!
You hit the water moccasin. Your bite misses the water moccasin.
The water moccasin is heavily wounded.
You feel sick. You block the water moccasin's attack.
You miss the water moccasin.
The water moccasin is heavily wounded.
You feel sick. The water moccasin bites you.
You hit the water moccasin.
The water moccasin is heavily wounded.
You feel sick. The water moccasin bites you.
You hit the water moccasin.
The water moccasin is poisoned.
The water moccasin is heavily wounded.
You feel sick.
You closely miss the water moccasin. Your bite misses the water moccasin.
The water moccasin is severely wounded.
You feel sick.
The water moccasin bites you but does no damage.
You feel sick. The water moccasin bites you.
You puncture the water moccasin! Your bite misses the water moccasin.
The water moccasin is almost dead.
You feel sick. The water moccasin bites you.
* * * LOW HITPOINT WARNING * * *
Space bends around you!
You blink.
You feel sick. The water moccasin bites you!
* * * LOW HITPOINT WARNING * * *
You are lethally poisoned!
The water moccasin poisons you!
You feel yourself speed up.
You die...

#........######### *,,,,
#.....<.)........######*,,*,
#.....#####............**,*,
#.....)................**,,,
####...................***,,
#.................F.* *,,
########ยง...........* *,,
#####S...........* *,,
#....@...........* **,
#...(............* *,
#.............!..****>
##########...,,,,,,,,,
*,,,,,,...,,,*****,
*,******##**,,,,,,, *,*
************ *,*
*,,,,,,,,,,, *,*
**,********,


You could see a water moccasin (very poisoned).

Vanquished Creatures
  Grinder (D:5)
  Edmund (D:6)
  An ice beast (D:5)
  2 ogres
  A phantom (D:6)
  A bullfrog (D:5)
  2 scorpions (D:4)
  A water moccasin zombie (D:5)
  Dowan (D:5)
  A wight (D:6)
  A bullfrog zombie (D:7)
  Crazy Yiuf (D:6)
  An orc priest (D:3)
  A gnoll shaman (D:7)
  2 hounds
  A jelly (D:4)
  A bullfrog skeleton (D:6)
  A centaur skeleton (D:4)
  3 iguanas
  A scorpion zombie (D:5)
  Ijyb (D:5)
  Terence (D:2)
  2 orc wizards
  A hound zombie (D:5)
  A howler monkey zombie (D:7)
  3 gnolls (D:7)
  5 adders
  A worm (D:2)
  3 dart slugs
  19 orcs
  2 endoplasms (D:1)
  6 giant cockroaches
  9 goblins
  6 hobgoblins
  12 jackals
  7 kobolds
  4 quokkas
  5 ball pythons
  3 bats
  2 frilled lizards
  A jackal skeleton (D:4)
  6 rats
125 creatures vanquished.

Notes
Turn   | Place    | Note
-------+----------+-------------------------------------------
     0 | Abyss:1  | Charly the Vine Stalker Abyssal Knight began the quest for
                  | the Orb.
     0 | Abyss:1  | Reached XP level 1. HP: 11/11 MP: 3/3
    36 | Abyss:1  | Noticed an ancient zyme
    37 | D:1      | Escaped the Abyss
    72 | D:1      | Found Boogitanu's Weapon Emporium.
   152 | D:1      | Reached skill level 1 in Stealth
   274 | D:1      | Reached XP level 2. HP: 14/16 MP: 2/4
   417 | D:1      | Reached * piety under Lugonu
   495 | D:1      | Reached skill level 2 in Stealth
   800 | D:1      | Reached XP level 3. HP: 14/19 MP: 2/5
  1317 | D:2      | Found Metiah's General Store.
  1320 | D:2      | Bought a scroll of identify for 22 gold pieces
  1674 | D:2      | Reached skill level 3 in Stealth
  1708 | D:2      | Noticed Sigmund
  1762 | D:3      | Gained mutation: Your natural rate of healing is unusually
                  | fast. [Vine Stalker growth]
  1762 | D:3      | Reached XP level 4. HP: 23/23 MP: 6/6
  1882 | D:2      | Noticed Terence
  1906 | D:2      | Killed Terence
  2065 | D:3      | Found a bloodstained altar of Trog.
  2330 | D:3      | Reached skill level 4 in Stealth
  2330 | D:3      | Reached XP level 5. HP: 19/27 MP: 4/7
  2401 | D:3      | Reached ** piety under Lugonu
  2449 | D:3      | Found a runed translucent gate.
  2450 | D:3      | Found a runed translucent gate.
  2451 | D:3      | Found a runed translucent gate.
  2452 | D:3      | Noticed Yermak's ghost (amateur DjEE)
  2523 | D:3      | Found a faded altar of an unknown god.
  2633 | D:4      | Noticed an ogre
  2717 | D:4      | Found a staircase to the Ecumenical Temple.
  2736 | D:4      | Reached skill level 5 in Stealth
  2736 | D:4      | Reached XP level 6. HP: 30/32 MP: 6/8
  3290 | D:4      | Reached XP level 7. HP: 35/35 MP: 10/10
  3575 | D:5      | Entered Level 5 of the Dungeon
  3594 | D:5      | Reached skill level 6 in Stealth
  3608 | D:5      | Noticed Dowan
  3646 | D:5      | Killed Dowan
  3694 | D:5      | Noticed Grinder
  3697 | D:5      | Killed Grinder
  3698 | D:5      | Reached skill level 5 in Short Blades
  3742 | D:5      | Gained mutation: You have razor-sharp teeth. [Vine Stalker
                  | growth]
  3742 | D:5      | Reached XP level 8. HP: 38/39 MP: 12/12
  3776 | D:5      | Found a shadowy altar of Dithmenos.
  3777 | D:5      | Noticed Duvessa
  3867 | D:5      | Reached skill level 7 in Stealth
  4065 | D:5      | Noticed Ijyb
  4075 | D:5      | Killed Ijyb
  4111 | D:5      | Found an iron altar of Okawaru.
  4510 | D:5      | Reached skill level 5 in Invocations
  4539 | D:6      | Identified the +0 ring mail "Zufilet" {Harm Rampage rF+}
  4625 | D:6      | Reached *** piety under Lugonu
  4639 | D:6      | Reached skill level 8 in Stealth
  4685 | D:6      | Noticed Edmund
  4685 | D:6      | You fall into a shaft and drop 1 floor!
  4820 | D:6      | Found a runed translucent door.
  4821 | D:6      | Noticed Crazy Yiuf
  4908 | D:6      | Killed Edmund
  5066 | D:6      | Killed Crazy Yiuf
  5411 | D:7      | Found a transporter.
  5413 | D:7      | Noticed casual's ghost (novice OpDe)
  5430 | D:7      | Found a transporter.
  5471 | D:7      | Noticed a moth of wrath
  5592 | D:7      | Succumbed to a water moccasin's poison

Illustrated notes

Levels and vault maps discovered:
D:1:      amcnicky_arrival_choice, layout_basic, serial_shops,
          nicolae_shop_stone, minmay_split_cup_large
D:2:      layout_rooms, serial_shops, nicolae_shop_behind_doors,
          corner_web_ring, uniq_sigmund, uniq_terence
D:3:      layout_rooms, ebering_ghost_rock_garden,
          chequers_ecumenical_altar_grove, trog_three_pillars_becter
D:4:      layout_basic, minmay_temple_entry_hall, minmay_stone_trees_small,
          serial_park_tiny_2, dk_noncrumbling_2
D:5:      layout_loops_ring, nicolae_dithmenos_shadow_blocks, basic_altar,
          patterned_corridor, uniq_duvessa, uniq_grinder, uniq_ijyb
D:6:      layout_basic, uniq_edmund, uniq_crazy_yiuf_cottage
D:7:      layout_basic, gammafunk_ghost_berserking_beasts,
          kennysheep_generic_room_3

Skill      XL: |  1  2  3  4  5  6  7  8 |
---------------+-------------------------+-----
Short Blades   | 2 3 4 5 6 |  6.3
Stealth        | 1 2 3 4 5 6 8 |  8.6
Invocations    | 2 3 4 5 |  5.9
Fighting       | |  2.6
Armour         | |  1.5
Dodging        | |  0.7

Action                   |  1- 3 |  4- 6 |  7- 9 || total
-------------------------+-------+-------+-------++-------
Melee: Short sword       |   103 |    29 |       ||   132
       Bite              |    20 |    27 |    40 ||    87
       Dagger            |       |    56 |   122 ||   178
Throw: Stone             |    50 |    21 |       ||    71
       Dart              |       |     3 |    18 ||    21
Invok: Depart the Abyss  |     1 |       |       ||     1
       Bend Space        |       |       |     3 ||     3
Evoke: Wand              |       |       |     2 ||     2
  Use: Scroll            |     2 |       |     5 ||     7
       Potion            |       |       |     2 ||     2
 Stab: Sleeping          |     4 |     3 |     8 ||    15
       Distracted        |       |       |     1 ||     1
Armor: Leather armour    |    19 |     9 |    13 ||    41
Dodge: Dodged            |    39 |    22 |    24 ||    85
Block: Other             |     2 |    12 |    10 ||    24

Table legend: (Time is in decaauts)
 A = Elapsed time spent in this place.
 B = Non-inter-level travel time spent in this place.
 C = Inter-level travel time spent in this place.
 D = Time resting spent in this place.
 E = Time spent auto-exploring this place.
 F = Levels seen in this place.
 G = Mean time per level.
                   A        B        C        D        E       F      G
               +--------+--------+--------+--------+--------+-----+--------+
         Total |   5560 |   5162 |    398 |    275 |   3461 |   8 |  695.0 |
       Dungeon |   5523 |   5125 |    398 |    275 |   3461 |   7 |  789.0 |
         Abyss |     37 |     37 |      0 |      0 |      0 |   1 |   37.0 |
               +--------+--------+--------+--------+--------+-----+--------+

Top non-repeatable levels by time:
     D:1: 1254 daAuts
     D:4: 957 daAuts
     D:2: 776 daAuts
     D:5: 766 daAuts
     D:6: 725 daAuts
     D:3: 720 daAuts
     D:7: 321 daAuts
 Abyss:1: 37 daAuts
